 Dungeon Crawl Stone Soup version 0.19-a0-465-g1d1674b (webtiles) character file.

59 Skanax the Grave Robber (level 3, 0/24 HPs)
             Began as a Demonspawn Necromancer on June 3, 2016.
             Succumbed to an adder's poison
             ... on level 2 of the Dungeon.
             The game lasted 00:08:35 (1427 turns).

Skanax the Grave Robber (Demonspawn Necromancer)    Turns: 1427, Time: 00:08:36

Health: 0/24       AC:  2    Str:  8    XL:     3   Next: 78%
Magic:  0/7        EV: 18    Int: 17    God:
Gold:   80         SH:  0    Dex: 20    Spells: 2 memorised, 6 levels left

rFire  . . .     SeeInvis .     i - -2 short sword (curse)
rCold  . . .     Gourm    .     a - +0 robe
rNeg   . . .     Faith    .     (no shield)
rPois  .         Spirit   .     (no helmet)
rElec  .         Dismiss  .     (no cloak)
rCorr  .         Reflect  .     (no gloves)
SustAt .         Harm     .     (no boots)
MR     .....                    (no amulet)
Stlth  +++.......               (no ring)
                                d - +2 ring of dexterity

@: agile, lethally poisoned (0 -> -4), not resistant to hostile enchantments,
fairly stealthy
A: powered by pain 1
a: no special abilities


You were on level 2 of the Dungeon.
You were not hungry.

You visited 1 branch of the dungeon, and saw 2 of its levels.

You collected 80 gold pieces.

Inventory:

Hand Weapons
 i - a cursed -2 short sword (weapon)
Missiles
 e - 67 stones (quivered)
Armour
 a - a +0 robe (worn)
Jewellery
 d - a +2 ring of dexterity (left hand)
Books
 b - a book of Necromancy

   Spells                             Type                      Level
   a - Pain                           Necromancy                   1
   b - Animate Skeleton               Necromancy                   1
   c - Vampiric Draining              Necromancy                   3
   d - Regeneration                   Charms/Necromancy            3
   e - Animate Dead                   Necromancy                   4
   f - Control Undead                 Necromancy                   4
Comestibles
 c - a bread ration
 g - 2 beef jerkies
 h - 7 chunks of flesh
 j - a meat ration


   Skills:
 + Level 2.0 Dodging
 - Level 1.7 Stealth
 * Level 3.1 Spellcasting
 + Level 5.0 Necromancy


You had 6 spell levels left.
You knew the following spells:

 Your Spells              Type           Power        Failure   Level  Hunger
a - Pain                  Necr           ###.         2%          1    None
b - Animate Skeleton      Necr           N/A          2%          1    None


Dungeon Overview and Level Annotations

Branches:
Dungeon (2/15)

Altars:
Makhleb
Okawaru


Innate Abilities, Weirdness & Mutations

You sometimes gain a little power by taking damage.


Message History

Confirm with . or Enter, or press ? or * to list all spells.
Aiming: Pain
Press: ? - help, Shift-Dir - straight line, f/p - adder
Aim: an adder (severely wounded, chance to defeat MR: 84%)
The adder convulses in agony!
You feel sick. The adder closely misses you.
The giant cockroach closely misses you. The goblin barely misses you.
The adder bites you.
* * * LOW HITPOINT WARNING * * *
The adder closely misses you.
The giant cockroach bites you but does no damage.
You feel sick. The adder bites you.
* * * LOW HITPOINT WARNING * * *
You are lethally poisoned!
The adder poisons you!
* * * LOW HITPOINT WARNING * * *
You feel sick. The adder bites you.
* * * LOW HITPOINT WARNING * * *
You feel agile all of a sudden.
You die...

#####...................#....
#....................
#....................
##.....................
#......##..............
#......##........# ....
#...........#....# .....
#...........#....#......
#.........rgS@..........
#...........s##.##......
#......##....#...#†.....
#$.....##...............
#.............._.......(
######........$.........
#.......#...#......
.........#.##.##....##
#####....#..........#


You could see an adder, a giant cockroach, a goblin and a rat.

Vanquished Creatures
  An adder (D:2)
  A worm (D:2)
  A dart slug (D:1)
  A giant gecko (D:1)
  6 bats
  A giant cockroach (D:1)
  2 goblins (D:2)
  5 hobgoblins
  6 jackals (D:1)
  2 kobolds (D:1)
  6 giant newts
  3 rats (D:1)
35 creatures vanquished.

Vanquished Creatures (collateral kills)
  An ooze (D:2)
  A giant gecko (D:2)
  A goblin (D:1)
  A hobgoblin (D:1)
  A ball python (D:2)
5 creatures vanquished.

Grand Total: 40 creatures vanquished

Notes
Turn   | Place    | Note
--------------------------------------------------------------
     0 | D:1      | Skanax the Demonspawn Necromancer began the quest for the Orb.
     0 | D:1      | Reached XP level 1. HP: 13/13 MP: 3/3
    11 | D:1      | Learned a level 1 spell: Animate Skeleton
   357 | D:1      | Gained mutation: You sometimes gain a little power by taking damage. [demonic ancestry]
   357 | D:1      | Reached XP level 2. HP: 17/19 MP: 1/5
   770 | D:1      | Reached skill level 5 in Necromancy
   865 | D:1      | Reached XP level 3. HP: 6/24 MP: 0/6
  1265 | D:2      | Found a burning altar of Makhleb.
  1370 | D:2      | Found an iron altar of Okawaru.
  1426 | D:2      | HP: 1/24 [adder (2)]
  1427 | D:2      | Succumbed to an adder's poison

Vault maps used:
D:1:      dpeg_arrival_another_circle, minmay_misc_feat_x
D:2:      kennysheep_goblin_castle, okawaru_gym_becter, bloody_makhleb,
          grunt_temple_overflow_open, tso_altar

Skill      XL: |  1  2  3 |
---------------+----------+-----
Necromancy     | 5 |  5.0
Spellcasting   | 3 |  3.1
Dodging        | 2 |  2.0
Stealth        | |  1.7

Action                   || total
-------------------------++-------
Melee: Short sword       ||    19
Throw: Stone             ||     3
 Cast: Pain              ||    64
       Animate Skeleton  ||    18
  Use: Potion            ||     5
       Scroll            ||     2
  Eat: Chunk             ||     2
Armor: Robe              ||     5
Dodge: Dodged            ||    35
